 Dungeon Crawl Stone Soup version 0.28.0-47-ge53b351184 (webtiles) character file.

Game seed: 2261628183444833038

23 styxcanada the Sneak (level 2, 0/14 HPs)
             Began as a Spriggan Brigand on Apr 28, 2022.
             Succumbed to an adder's poison
             ... on level 2 of the Dungeon.
             The game lasted 00:04:14 (1413 turns).

styxcanada the Sneak (Spriggan Brigand)             Turns: 1413, Time: 00:04:14

Health: 0/14       AC:  3    Str:  5    XL:     2   Next: 75%
Magic:  3/3        EV: 16    Int: 12    God:
Gold:   39         SH:  5    Dex: 16    Spells: 1/1 levels left

rFire   . . .      SeeInvis +   a - +2 dagger
rCold   . . .      Faith    .   (no shield)
rNeg    . . .      Spirit   .   b - +0 robe
rPois   .          Reflect  +   (helmet restricted)
rElec   .          Harm     .   c - +0 cloak
rCorr   .          Rampage  .   (gloves unavailable)
Will    .....                   (boots unavailable)
Stlth   ++++......              i - amulet of reflection
HPRegen 0.04/turn               (no ring)
MPRegen 0.08/turn               (no ring)

@: lethally poisoned (0 -> -2), very quick
A: very small, no large weapons, unfitting armour, see invisible, speed 3, weak
1, no potion heal 1, subdued magic 1
a: no special abilities


You were on level 2 of the Dungeon.
You visited 1 branch of the dungeon, and saw 2 of its levels.

You collected 39 gold pieces.

Inventory:

Hand Weapons
 a - a +2 dagger (weapon)
Missiles
 d - 6 poisoned darts (quivered)
 e - 2 curare-tipped darts
 g - 59 stones
Armour
 b - a +0 robe (worn)
 c - a +0 cloak (worn)
Jewellery
 i - an amulet of reflection (around neck)
Scrolls
 k - a scroll of fog {unknown}
 l - a scroll of teleportation {unknown}
Potions
 h - a potion of ambrosia {unknown}
 j - a potion of degeneration {unknown}
 m - a potion of might {unknown}


   Skills:
 * Level 1.6 Fighting
 + Level 2.2 Short Blades
 + Level 2.1 Throwing
 * Level 1.5 Dodging
 * Level 7.1 Stealth


You had one spell level left.
You didn't know any spells.
Your spell library contained the following spells:

 Spells                   Type           Power      Damage    Failure   Level
 Leda's Liquefaction      Hex/Erth       0%         N/A       96%         4
 Lee's Rapid Deconstruct  Erth           0%         3d5*      100%        5
 Statue Form              Tmut/Erth      0%         N/A       100%        6


Dungeon Overview and Level Annotations

Branches:
Dungeon (2/15)

Altars:


Innate Abilities, Weirdness & Mutations

You are very small and have problems with some larger weapons.
You are too small for most types of armour.
You have supernaturally acute eyesight. (SInv)
You cover ground extremely quickly. (Speed+++)
You are weak. (Str -2)
Potions are less effective at restoring your health.
Your spells are a little easier to cast, but a little less powerful.


Message History

You hit the frilled lizard.
You kill the frilled lizard!
You hit the rat.
The rat is severely wounded.
The rat completely misses you.
You hit the rat.
You kill the rat!
You hit the adder.
The adder is lightly wounded.
The adder misses you.
You miss the adder.
The adder is lightly wounded.
The adder closely misses you.
You hit the adder.
The adder is moderately wounded.
The adder misses you. x2
You hit the adder.
The adder is heavily wounded.
The adder bites you.
You are poisoned.
The adder poisons you!
You hit the adder.
The adder is almost dead.
You feel sick. The adder bites you.
You barely miss the adder.
The adder is almost dead.
You feel sick. The adder bites you.
* * * LOW HITPOINT WARNING * * *
You barely miss the adder.
The adder is almost dead.
* * * LOW HITPOINT WARNING * * *
You feel sick. The adder closely misses you.
You hit the adder.
The adder is almost dead.
* * * LOW HITPOINT WARNING * * *
You feel sick. The adder misses you.
It was a potion of mutation.
You feel extremely strange.
You feel weaker.
Your connection to magic feels subdued.
Your system partially rejects the healing effects of potions.
You die...

. .###. #.# #.# .#
#.#.# #.# ##.### .#.#
#.# #.#.#.#.######.#
#..##.#......#.#
##..##.######.#.# ...
#. #.#.# #S# #. #.#.#
#@# #. #.#.#
####.###.######.#.#
#.......#.......#.#
#.#(##.###.########.#
............# ##.##
......#.##### ##...##
##....#.# #......
#.## #.# #....## #
... ####.#.###


You could see an adder.

Vanquished Creatures
  A worm (D:2)
  A dart slug (D:1)
  3 bats
  2 endoplasms (D:2)
  A goblin (D:1)
  3 hobgoblins
  2 ball pythons (D:1)
  2 frilled lizards
  A kobold (D:1)
  2 rats
18 creatures vanquished.

Notes
Turn   | Place    | Note
-------+----------+-------------------------------------------
     0 | D:1      | styxcanada the Spriggan Brigand began the quest for the
                  | Orb.
     0 | D:1      | Reached XP level 1. HP: 10/10 MP: 2/2
   306 | D:1      | Reached skill level 6 in Stealth
   544 | D:1      | Reached XP level 2. HP: 14/14 MP: 3/3
  1218 | D:2      | Reached skill level 7 in Stealth
  1413 | D:2      | Gained mutation: You are weak. (Str -2) [potion of
                  | mutation]
  1413 | D:2      | Gained mutation: Your spells are a little easier to cast,
                  | but a little less powerful. [potion of mutation]
  1413 | D:2      | Gained mutation: Potions are less effective at restoring
                  | your health. [potion of mutation]
  1413 | D:2      | Succumbed to an adder's poison

Illustrated notes

Levels and vault maps discovered:
D:1:      psy_arrival_conway, layout_basic, chequers_decorated_corner
D:2:      layout_loops_ring, shapermc_ecumenical_altar_mp_highgroup,
          kennysheep_generic_room_10

Skill      XL: |  1  2 |
---------------+-------+-----
Stealth        | 6 7 |  7.1
Fighting       | |  1.6
Short Blades   | |  2.2
Throwing       | |  2.1
Dodging        | |  1.5

Action                   || total
-------------------------++-------
Melee: Dagger            ||    50
Throw: Dart              ||     8
  Use: Potion            ||     1
 Stab: Sleeping          ||     9
Armor: Robe              ||     5
Dodge: Dodged            ||    23
Block: Other             ||     1
